 Dungeon Crawl Stone Soup version 0.16.2-12-gd0ad4c3 (webtiles) character file.

4914 seyes the Infuser (level 10, -1/75 HPs)
             Began as a Naga Conjurer on Sept 16, 2015.
             Was a Follower of Kikubaaqudgha.
             Slain by a yak (8 damage)
             ... on level 8 of the Dungeon on Sept 17, 2015.
             The game lasted 01:40:47 (12195 turns).

seyes the Infuser (Naga Conjurer)                  Turns: 12195, Time: 01:40:47

Health: -1/75      AC:  6    Str: 10    XL:     10   Next: 51%
Magic:  4/24       EV: 10    Int: 20    God:    Kikubaaqudgha [*.....]
Gold:   245        SH:  0    Dex: 11    Spells: 4 memorised, 10 levels left

rFire  + . .     SeeInvis +     W - +0 shortbow
rCold  . . .     Clarity  .     a - +0 robe
rNeg   . . .     SustAb   .     (no shield)
rPois  +         Gourm    .     (no helmet)
rElec  .         Spirit   .     u - +1 cloak
rCorr  .         Warding  .     (no gloves)
rMut   .         Stasis   .     (no barding)
MR     +....                    (no amulet)
Stlth  ++........               (no ring)
                                w - ring of protection from fire

@: very slow, somewhat resistant to hostile enchantments, unstealthy
A: spit poison, see invisible, deformed body, poison resistance, slowness 2, AC
+3
a: Spit Poison, Receive Corpses, Renounce Religion


You were on level 8 of the Dungeon.
You worshipped Kikubaaqudgha.
Kikubaaqudgha was aware of your devotion.
You were not hungry.

You visited 2 branches of the dungeon, and saw 10 of its levels.
You also visited: Ossuary.

You collected 401 gold pieces.
You spent 156 gold pieces at shops.

Inventory:

Hand weapons
 f - a +0 hunting sling
 i - a +0 whip of electrocution
 x - a +0 arbalest
 G - a +2 dagger of venom
 W - a +0 shortbow (weapon)
Missiles
 e - 186 stones
 k - 14 poisoned bolts
 s - 33 bolts
 C - 31 poisoned needles
 I - 83 arrows (quivered)
 S - 15 sling bullets
 X - 11 arrows of frost
Armour
 a - a +0 robe (worn)
 u - a +1 cloak (worn)
Magical staves
 r - an uncursed staff of air
Jewellery
 t - an uncursed ring of fire
 w - a ring of protection from fire (left hand)
Magical devices
 B - a wand of flame (23)
 D - a wand of frost (17)
 H - a wand of disintegration (0)
 M - a wand of lightning (1)
 V - a wand of magic darts (21)
Scrolls
 d - a scroll of remove curse
 g - 4 scrolls of magic mapping
 l - a scroll of silence {unknown}
 m - 2 scrolls of identify
 n - a scroll of amnesia {unknown}
 v - a scroll of torment {unknown}
 y - 4 scrolls of blinking {unknown}
 z - a scroll of enchant armour
 N - a scroll of teleportation {unknown}
Potions
 h - 5 potions of curing {unknown}
 o - 2 potions of heal wounds
 p - 3 potions of cure mutation {unknown}
 q - 4 potions of magic {unknown}
 A - 2 potions of haste {unknown}
 F - a potion of invisibility
 J - 4 potions of might {unknown}
 K - a potion of restore abilities {unknown}
 L - 2 potions of lignification {unknown}
 O - a potion of poison {unknown}
 P - a potion of cancellation {unknown}
 R - a potion of brilliance {unknown}
 U - a potion of flight {unknown}
Books
 c - a book of Conjurations

   Spells                             Type                      Level
   a - Magic Dart                     Conjuration                  1
   b - Searing Ray                    Conjuration                  2
   c - Dazzling Spray                 Conjuration/Hexes            3
   d - Fulminant Prism                Conjuration/Hexes            4
   e - Iskenderun's Mystic Blast      Conjuration                  4
   f - Iskenderun's Battlesphere      Conjuration/Charms           5
 T - Kikubaaqudgha's Almanac of Necromancy
   (Kikubaaqudgha gifted it to you on level 8 of the Dungeon)

   Spells                             Type                      Level
   a - Animate Skeleton               Necromancy                   1
   b - Corpse Rot                     Necromancy                   2
   c - Sublimation of Blood           Necromancy                   2
   d - Regeneration                   Charms/Necromancy            3
   e - Control Undead                 Necromancy                   4
Comestibles
 b - 4 bread rations
 j - 4 meat rations
 Y - a beef jerky


   Skills:
 - Level 1.5 Dodging
 - Level 3.0 Stealth
 - Level 6.1 Spellcasting
 + Level 10.0 Conjurations
 + Level 1.6 Hexes
 + Level 10.1 Charms


You had 10 spell levels left.
You knew the following spells:

 Your Spells              Type           Power        Failure   Level  Hunger
a - Magic Dart            Conj           ####         1%          1    None
b - Searing Ray           Conj           #####.       1%          2    None
c - Dazzling Spray        Conj/Hex       ####....     3%          3    ##.....
B - Iskenderun's Battles  Conj/Chrm      #####...     6%          5    #####..


Dungeon Overview and Level Annotations

Branches:
Dungeon (9/15)             Temple (1/1) D:7
   Lair: D:8-11         Orc: D:9-12

Altars:
Ashenzari
Cheibriados
Dithmenos
Elyvilon
Fedhas
Gozag
Kikubaaqudgha
Makhleb
Nemelex Xobeh
Okawaru
Qazlal
Ru
Sif Muna
Trog
Vehumet
Xom
Yredelemnul
Zin
The Shining One

Shops:
D:5 !

Annotations:
D:4 Chompa's ghost, average HOFi
D:6 exclusion: centaur


Innate Abilities, Weirdness & Mutations

You cannot wear boots.
You can spit poison.
Your serpentine skin is tough (AC +3).
You have supernaturally acute eyesight.
Armour fits poorly on your strangely shaped body.
Your system is resistant to poisons.
You cover ground very slowly.


Message History

The yak is heavily wounded.
The yak gores you!
* * * LOW HITPOINT WARNING * * *
Casting: Searing Ray
Confirm with . or Enter, or press ? or * to list all spells.
Aiming: Searing Ray
Press: ? - help, Shift-Dir - straight line, f - yak
Aim: a yak (heavily wounded)
The searing ray hits the yak.
The yak is severely wounded.
The yak misses you.
The searing ray hits the yak.
The yak is almost dead.
The yak gores you.
* * * LOW HITPOINT WARNING * * *
The searing ray hits the yak.
The yak is almost dead.
The yak gores you!
You die...
Kikubaaqudgha rasps: "You have failed me!
Welcome... death!"

# ############## ### #
#####...#.....@Y.# #.#### #
#............###'### #.#..#
###............#.....#### #.#..#
#..............#........# #....#
#.....#####+####........####.#.##
............. +.>......+..#.#.#
.........##.####........##.#.#.#
............#...........+....#.#
.#####..........#.......##.###.#


You could see a yak.

Vanquished Creatures
  A spriggan (D:7)
  A wraith (D:9)
  3 yaks
  2 wyverns (D:9)
  A deep elf mage (D:7)
  2 hippogriffs
  A water moccasin (D:8)
  2 orc warriors
  3 ice beasts
  5 ogres
  A centaur (D:8)
  2 phantoms
  A necrophage (D:6)
  2 giant frogs (D:8)
  3 scorpions
  2 water moccasin zombies (Ossuary)
  3 wights (D:7)
  10 killer bees (D:8)
  2 jellies
  A goliath beetle (D:8)
  8 crimson imps
  A lava snake (D:7)
  5 hounds
  2 iguanas
  2 orc priests (D:8)
  A centaur skeleton (D:4)
  3 worker ants (D:4)
  2 orc wizards
  3 big kobold zombies (Ossuary)
  2 hound skeletons
  2 mummies (Ossuary)
  10 adders
  3 worms
  An adder skeleton (D:8)
  10 adder zombies
  6 giant geckos
  An ooze (D:2)
  24 orcs
  5 ball pythons
  2 bat zombies
  12 giant cockroaches
  2 gnoll zombies (Ossuary)
  12 goblins
  16 hobgoblins
  5 jackals
  2 quokkas
  12 bats
  A giant gecko skeleton (D:6)
  6 giant newts
  A giant spore (D:8)
  4 hobgoblin zombies (Ossuary)
  9 kobolds
  2 kobold zombies (Ossuary)
  4 orc zombies (Ossuary)
  14 rats
  A ballistomycete (D:8)
244 creatures vanquished.

Notes
Turn   | Place    | Note
--------------------------------------------------------------
     0 | D:1      | seyes, the Naga Conjurer, began the quest for the Orb.
     0 | D:1      | Reached XP level 1. HP: 15/15 MP: 3/3
   339 | D:1      | Reached XP level 2. HP: 22/22 MP: 2/4
   373 | D:1      | Learned a level 2 spell: Searing Ray
   765 | D:2      | Reached XP level 3. HP: 28/28 MP: 6/6
   904 | D:2      | Reached skill level 5 in Conjurations
   946 | D:2      | Found a glowing silver altar of Zin.
  1705 | D:2      | Reached XP level 4. HP: 36/36 MP: 7/7
  2387 | D:3      | Reached skill level 6 in Conjurations
  2547 | D:3      | Reached XP level 5. HP: 42/42 MP: 9/9
  2554 | D:3      | Learned a level 5 spell: Iskenderun's Battlesphere
  2772 | D:3      | Reached skill level 1 in Charms
  3136 | D:4      | Noticed an ogre
  3141 | D:4      | Killed an ogre
  3141 | D:4      | Reached XP level 6. HP: 49/49 MP: 2/10
  3216 | D:4      | Found a white marble altar of Elyvilon.
  3862 | D:4      | Noticed an ogre
  3893 | D:4      | Noticed an ogre
  3899 | D:4      | Killed an ogre
  3899 | D:4      | Reached skill level 5 in Charms
  3899 | D:4      | Reached XP level 7. HP: 55/55 MP: 8/12
  3942 | D:4      | Noticed Chompa's ghost (average HOFi)
  4457 | D:5      | Entered Level 5 of the Dungeon
  5053 | D:5      | Found Strukkuo's Distillery.
  5058 | D:5      | Bought a potion of heal wounds for 60 gold pieces
  5058 | D:5      | Bought a potion of invisibility for 96 gold pieces
  5073 | D:5      | Found an iron altar of Okawaru.
  5269 | D:5      | Found a sparkling altar of Nemelex Xobeh.
  5638 | D:5      | Reached XP level 8. HP: 62/62 MP: 14/14
  6218 | D:6      | Found a shadowy altar of Dithmenos.
  6617 | D:6      | Reached skill level 7 in Charms
  6674 | D:6      | Found a sand-covered staircase.
  6680 | Ossuary  | Entered an ossuary
  7568 | D:6      | Found a shadowy altar of Dithmenos.
  7680 | D:6      | Found a radiant altar of Vehumet.
  8343 | D:7      | Killed an ogre
  8343 | D:7      | Reached XP level 9. HP: 54/68 MP: 16/20
  8678 | D:7      | Reached skill level 8 in Charms
  8774 | D:7      | Reached skill level 5 in Spellcasting
  9215 | D:7      | Found a staircase to the Ecumenical Temple.
  9234 | Temple   | Entered the Ecumenical Temple
  9239 | Temple   | Became a worshipper of Kikubaaqudgha
  9626 | D:8      | Learned a level 3 spell: Dazzling Spray
 10254 | D:8      | Reached skill level 9 in Charms
 10654 | D:8      | Reached XP level 10. HP: 75/75 MP: 20/24
 10734 | D:8      | Acquired Kikubaaqudgha's first power
 10734 | D:8      | Received a gift from Kikubaaqudgha
 10735 | D:8      | Identified Kikubaaqudgha's Almanac of Necromancy (Kikubaaqudgha gifted it to you on level 8 of the Dungeon)
 10957 | D:8      | Found a sacrificial altar of Ru.
 12088 | D:9      | Reached skill level 10 in Charms
 12123 | D:9      | Reached skill level 1 in Hexes
 12190 | D:8      | Reached skill level 10 in Conjurations
 12195 | D:8      | Slain by a yak

Action                   |  1- 3 |  4- 6 |  7- 9 | 10-12 || total
-------------------------+-------+-------+-------+-------++-------
Melee: Whip              |    15 |     8 |    18 |       ||    41
       Dagger            |       |    17 |       |       ||    17
 Fire: Hunting sling     |    23 |    47 |    68 |    18 ||   156
       Shortbow          |       |       |       |    19 ||    19
 Cast: Magic Dart        |     6 |       |     7 |     2 ||    15
       Searing Ray       |     6 |    16 |    88 |    29 ||   139
       Dazzling Spray    |       |       |       |     2 ||     2
 Abil: Spit Poison       |    29 |    36 |    40 |    17 ||   122
Evoke: Wand              |       |       |    12 |       ||    12
  Use: Scroll            |       |     8 |     1 |       ||     9
       Potion            |       |       |       |     1 ||     1
  Eat: Chunk             |     5 |     9 |    10 |       ||    24
       Beef jerky        |       |       |     2 |       ||     2
       Fruit             |       |       |     1 |       ||     1
       Pizza             |       |       |     1 |       ||     1
       Bread ration      |       |       |     3 |     1 ||     4
